ESL (28 & UNDER)
RIO GRANDE RATTLESNAKE @ NEWARK BULLDOGS
06/16/2028
 
TOP OF THE 1ST
Rio Grande Rattlesnake batting - Pitching for Newark Bulldogs : RHP Gonzalo Benetti
Pitching: RHP Gonzalo Benetti
Batting: RHB David Suarze 0-0: Ball
1-0: Ball
2-0: Foul Ball, location: 2F
2-1: Ball
3-1: Swinging Strike
3-2: Strikes out swinging
Batting: SHB William Daly 0-0: Ball
1-0: SINGLE (Groundball, 56D)
Batting: RHB Hollis Wood 0-0: Fly out, F9 (Flyball, 9S)
Batting: RHB Miguel Hernández 0-0: Called Strike
William Daly steals 2nd base
0-1: Swinging Strike
0-2: Ball
1-2: Foul Ball, location: 2F
1-2: Ball
2-2: Fly out, F7 (Flyball, 78M)
Top of the 1st over - 0 run(s), 1 hit(s), 0 error(s), 1 left on base; Rio Grande 0 - Newark 0
BOTTOM OF THE 1ST
Newark Bulldogs batting - Pitching for Rio Grande Rattlesnake : RHP Albert Sánchez
Pitching: RHP Albert Sánchez
Batting: LHB Gerardo Guzmán 0-0: Ball
1-0: Ball
2-0: Called Strike
2-1: Ball
3-1: SINGLE (Groundball, 6MS) (infield hit)
Batting: RHB Tony Long 0-0: Ball
1-0: Ball
2-0: Ball
Wild Pitch!
Gerardo Guzmán to second
3-0: Called Strike
3-1: Base on Balls
Batting: RHB Joe Baker 0-0: Called Strike
0-1: Foul Ball, location: 2F
0-2: Ball
1-2: Ball
2-2: Strikes out looking
Batting: RHB Ken McDonald 0-0: Ball
1-0: Ball
2-0: Called Strike
2-1: Ball
3-1: Foul Ball, location: 2F
3-2: Foul Ball, location: 2F
3-2: Fly out, F6 (Popup, 6M)
Batting: LHB Gabriel Aragón 0-0: Foul Ball, location: 2F
0-1: Ball
1-1: Fly out, F6 (Popup, 56D)
Bottom of the 1st over - 0 run(s), 1 hit(s), 0 error(s), 2 left on base; Rio Grande 0 - Newark 0
TOP OF THE 2ND
Rio Grande Rattlesnake batting - Pitching for Newark Bulldogs : RHP Gonzalo Benetti
Batting: LHB Claudio Rodríguez 0-0: Ball
1-0: Foul Ball, location: 2F
1-1: SINGLE (Line Drive, 9S)
Batting: RHB Gilberto Silva 0-0: Grounds into double play, 5-4-3 (Groundball, 56)
Batting: SHB Brian Moyer 0-0: Ball
1-0: Ball
2-0: Ball
3-0: Base on Balls
Batting: RHB Jeff Bane 0-0: Ball
1-0: Called Strike
1-1: Fly out, F8 (Flyball, 89XD)
Top of the 2nd over - 0 run(s), 1 hit(s), 0 error(s), 1 left on base; Rio Grande 0 - Newark 0
BOTTOM OF THE 2ND
Newark Bulldogs batting - Pitching for Rio Grande Rattlesnake : RHP Albert Sánchez
Batting: RHB Norris Howard 0-0: Ball
1-0: Ball
2-0: Foul Ball, location: 2F
2-1: Ball
3-1: Called Strike
3-2: Strikes out swinging
Batting: RHB Stan Simpson 0-0: Foul Ball, location: 2F
0-1: Called Strike
0-2: Strikes out swinging
Batting: LHB Gabriel MacNeill 0-0: Ball
1-0: Called Strike
1-1: Reached on error, E7 (Flyball, 7)
Batting: LHB Wes Thompson 0-0: Called Strike
0-1: Ball
Wild Pitch!
Gabriel MacNeill to third
1-1: Fly out, F9 (Flyball, 89D)
Bottom of the 2nd over - 0 run(s), 0 hit(s), 1 error(s), 1 left on base; Rio Grande 0 - Newark 0
TOP OF THE 3RD
Rio Grande Rattlesnake batting - Pitching for Newark Bulldogs : RHP Gonzalo Benetti
Batting: RHB Iván De Jesús 0-0: Called Strike
0-1: SINGLE (Groundball, 34D)
Batting: RHB David Suarze 0-0: Ball
1-0: Ball
2-0: Foul Ball, location: 2F
2-1: Foul Ball, location: 2F
2-2: Foul Ball, location: 2F
2-2: Strikes out swinging
Batting: SHB William Daly 0-0: Ball
1-0: Called Strike
1-1: Called Strike
1-2: Strikes out swinging
Batting: RHB Hollis Wood 0-0: Called Strike
0-1: Ball
1-1: Foul Ball, location: 2F
1-2: Foul Ball, location: 2F
1-2: Ball
2-2: Ball
3-2: Strikes out swinging
Top of the 3rd over - 0 run(s), 1 hit(s), 0 error(s), 1 left on base; Rio Grande 0 - Newark 0
BOTTOM OF THE 3RD
Newark Bulldogs batting - Pitching for Rio Grande Rattlesnake : RHP Albert Sánchez
Batting: LHB Gerardo Guzmán 0-0: Ball
1-0: Ball
2-0: Called Strike
2-1: Ball
3-1: Called Strike
3-2: Fly out, F7 (Flyball, 7)
Batting: RHB Tony Long 0-0: Called Strike
0-1: Ball
1-1: Called Strike
1-2: Foul Ball, location: 2F
1-2: Foul Ball, location: 2F
1-2: Ball
2-2: Foul Ball, location: 2F
2-2: Foul Ball, location: 2F
2-2: Ball
3-2: Foul Ball, location: 2F
3-2: Fly out, F9 (Line Drive, 89M)
Batting: RHB Joe Baker 0-0: Ball
1-0: Ball
2-0: Foul Ball, location: 2F
2-1: Swinging Strike
2-2: Foul Ball, location: 2F
2-2: Foul Ball, location: 2F
2-2: Ball
3-2: Strikes out swinging
Bottom of the 3rd over - 0 run(s), 0 hit(s), 0 error(s), 0 left on base; Rio Grande 0 - Newark 0
TOP OF THE 4TH
Rio Grande Rattlesnake batting - Pitching for Newark Bulldogs : RHP Gonzalo Benetti
Batting: RHB Miguel Hernández 0-0: Fly out, F8 (Flyball, 8LXD)
Batting: LHB Claudio Rodríguez 0-0: Ball
1-0: Foul Ball, location: 2F
1-1: Swinging Strike
1-2: Ground out 3-1 (Groundball, 3S)
Batting: RHB Gilberto Silva 0-0: Ball
1-0: SOLO HOME RUN (Flyball, 7LD), Distance : 327 ft
Batting: SHB Brian Moyer 0-0: Ball
1-0: Called Strike
1-1: SINGLE (Line Drive, 89S)
Batting: RHB Jeff Bane 0-0: Ball
1-0: SINGLE (Groundball, 4MD)
Brian Moyer to second
Runner from 2nd tries for 3rd, SAFE, throw made to third
Batting: RHB Iván De Jesús 0-0: Ball
1-0: Ball
2-0: Called Strike
2-1: Foul Ball, location: 2F
2-2: Ground out 2-3 (Groundball, 15S)
Top of the 4th over - 1 run(s), 3 hit(s), 0 error(s), 2 left on base; Rio Grande 1 - Newark 0
BOTTOM OF THE 4TH
Newark Bulldogs batting - Pitching for Rio Grande Rattlesnake : RHP Albert Sánchez
Batting: RHB Ken McDonald 0-0: Fly out, F8 (Flyball, 89S)
Batting: LHB Gabriel Aragón 0-0: Ball
1-0: Called Strike
1-1: Ball
2-1: Ball
3-1: Swinging Strike
3-2: Foul Ball, location: 2F
3-2: Fly out, F8 (Flyball, 78M)
Batting: RHB Norris Howard 0-0: Foul Ball, location: 2F
0-1: Ball
1-1: Ball
2-1: Called Strike
2-2: Ball
3-2: Fly out, F7 (Flyball, 78M)
Bottom of the 4th over - 0 run(s), 0 hit(s), 0 error(s), 0 left on base; Rio Grande 1 - Newark 0
TOP OF THE 5TH
Rio Grande Rattlesnake batting - Pitching for Newark Bulldogs : RHP Gonzalo Benetti
Batting: RHB David Suarze 0-0: Swinging Strike
0-1: Foul Ball, location: 2F
0-2: SOLO HOME RUN (Flyball, 7D), Distance : 361 ft
Batting: SHB William Daly 0-0: Ball
1-0: Called Strike
1-1: Foul Ball, location: 2F
1-2: Ball
2-2: Foul Ball, location: 2F
2-2: Foul Ball, location: 2F
2-2: Fly out, F6 (Line Drive, 6)
Batting: RHB Hollis Wood 0-0: Ball
1-0: Ball
2-0: Ball
3-0: Base on Balls
Batting: RHB Miguel Hernández 0-0: Called Strike
0-1: Called Strike
0-2: Strikes out swinging
Batting: LHB Claudio Rodríguez 0-0: Foul Ball, location: 2F
0-1: Called Strike
0-2: Foul Ball, location: 2F
0-2: Ball
1-2: Ball
2-2: SINGLE (Line Drive, 4M)
Hollis Wood to second
Batting: RHB Gilberto Silva 0-0: Ball
1-0: Ball
2-0: Ball
3-0: Called Strike
3-1: Foul Ball, location: 2F
3-2: Base on Balls
Hollis Wood to third
Claudio Rodríguez to second
Batting: SHB Brian Moyer 0-0: Ball
1-0: Ball
2-0: Ball
3-0: Called Strike
3-1: Called Strike
3-2: Foul Ball, location: 2F
3-2: Ground out 4-3 (Groundball, 4M)
Top of the 5th over - 1 run(s), 2 hit(s), 0 error(s), 3 left on base; Rio Grande 2 - Newark 0
BOTTOM OF THE 5TH
Newark Bulldogs batting - Pitching for Rio Grande Rattlesnake : RHP Albert Sánchez
Batting: RHB Stan Simpson 0-0: SINGLE (Flyball, 8RS)
Batting: LHB Gabriel MacNeill 0-0: Foul Ball, location: 2F
0-1: Ground out U3 (Groundball, 3L)
Stan Simpson to second
Batting: LHB Wes Thompson 0-0: Called Strike
0-1: Called Strike
0-2: Strikes out looking
Batting: LHB Gerardo Guzmán 0-0: Ball
1-0: Ground out 1-3 (Groundball, 15S)
Bottom of the 5th over - 0 run(s), 1 hit(s), 0 error(s), 1 left on base; Rio Grande 2 - Newark 0
TOP OF THE 6TH
Rio Grande Rattlesnake batting - Pitching for Newark Bulldogs : RHP Gonzalo Benetti
Pitching: RHP Jim Cook
Batting: RHB Jeff Bane 0-0: Ball
1-0: Called Strike
1-1: Ball
2-1: Ball
3-1: Base on Balls
Batting: RHB Iván De Jesús 0-0: Ball
1-0: Foul Ball, location: 2F
1-1: SINGLE (Flyball, 9LS)
Jeff Bane to second
Runner from 2nd tries for 3rd, SAFE, throw made to third
Batting: RHB David Suarze 0-0: Foul Ball, location: 2F
0-1: Ball
1-1: Ball
2-1: Fly out, F9 (Flyball, 9)
Runner from 3rd tags up, SCORES, no throw
Batting: SHB William Daly 0-0: Ball
1-0: Ball
2-0: Ball
3-0: Called Strike
3-1: SINGLE (Groundball, 6) (infield hit)
Iván De Jesús to second
Batting: RHB Hollis Wood 0-0: Called Strike
0-1: Grounds into double play, 6-4-3 (Groundball, 6)
Top of the 6th over - 1 run(s), 2 hit(s), 0 error(s), 1 left on base; Rio Grande 3 - Newark 0
BOTTOM OF THE 6TH
Newark Bulldogs batting - Pitching for Rio Grande Rattlesnake : RHP Albert Sánchez
Batting: RHB Tony Long 0-0: Ball
1-0: Ball
2-0: Foul Ball, location: 2F
2-1: Ball
3-1: Called Strike
3-2: Base on Balls
Batting: RHB Joe Baker 0-0: Ball
1-0: Ball
2-0: Called Strike
2-1: Foul Ball, location: 2F
2-2: SINGLE (Line Drive, 8RS)
Tony Long to second
Pitching: RHP Albert Gonzáles
Batting: RHB Ken McDonald 0-0: Called Strike
0-1: Ball
1-1: Ball
2-1: Ball
3-1: Fly out, F8 (Flyball, 78M)
Batting: LHB Gabriel Aragón 0-0: Ball
1-0: Ball
2-0: Foul Ball, location: 2F
2-1: Foul Ball, location: 2F
2-2: 3-RUN HOME RUN (Flyball, 9D), Distance : 369 ft
Batting: RHB Norris Howard 0-0: Ball
1-0: Foul Ball, location: 2F
1-1: Fly out, F9 (Flyball, 9LSF)
Batting: RHB Stan Simpson 0-0: Ball
1-0: Ball
2-0: Called Strike
2-1: SINGLE (Groundball, 56D)
Batting: LHB Gabriel MacNeill 0-0: Called Strike
0-1: Ball
1-1: Called Strike
1-2: Foul Ball, location: 2F
1-2: Ball
2-2: Ball
Stan Simpson steals 2nd base
3-2: 2-RUN HOME RUN (Flyball, 7LD), Distance : 317 ft
Batting: LHB Wes Thompson 0-0: Ball
1-0: SINGLE (Line Drive, 8LS)
Pitching: RHP Billy O'Neal
Batting: LHB Gerardo Guzmán 0-0: Fly out, F5 (Popup, 56)
Bottom of the 6th over - 5 run(s), 5 hit(s), 0 error(s), 1 left on base; Rio Grande 3 - Newark 5
TOP OF THE 7TH
Rio Grande Rattlesnake batting - Pitching for Newark Bulldogs : RHP Jim Cook
Batting: RHB Miguel Hernández 0-0: DOUBLE (Line Drive, 8LXD)
Batting: LHB Claudio Rodríguez 0-0: Ball
1-0: Ball
2-0: Called Strike
2-1: Ball
3-1: Base on Balls
Batting: RHB Gilberto Silva 0-0: Ball
1-0: Fly out, F5 (Line Drive, 5)
Batting: SHB Brian Moyer 0-0: DOUBLE (Line Drive, 9D)
Miguel Hernández scores
Claudio Rodríguez to third
Pitching: RHP Jesús Salazar
Batting: RHB Jeff Bane 0-0: Swinging Strike
0-1: SINGLE (Line Drive, 6MD)
Claudio Rodríguez scores
Brian Moyer to third
Runner from 3rd tries for Home, SAFE, throw made home
Jeff Bane to second
Batting: RHB Iván De Jesús 0-0: Ball
1-0: Ball
2-0: Ball
3-0: Called Strike
3-1: Base on Balls
Batting: RHB David Suarze 0-0: Ball
1-0: Ball
2-0: Foul Ball, location: 2F
2-1: SINGLE (Line Drive, 89S)
Jeff Bane to third
Iván De Jesús to second
Runner from 3rd tries for Home, SAFE, no throw
Batting: SHB William Daly 0-0: Ball
1-0: Called Strike
1-1: Ball
2-1: Ball
Iván De Jesús is caught stealing 3rd base
David Suarze to second
3-1: Ground out 3-1 (Groundball, 34)
Top of the 7th over - 4 run(s), 4 hit(s), 0 error(s), 1 left on base; Rio Grande 7 - Newark 5
BOTTOM OF THE 7TH
Newark Bulldogs batting - Pitching for Rio Grande Rattlesnake : RHP Billy O'Neal
Batting: RHB Tony Long 0-0: Ball
1-0: SINGLE (Flyball, 7LS)
Batting: RHB Joe Baker 0-0: Called Strike
0-1: Fly out, F8 (Flyball, 8RM)
Batting: RHB Ken McDonald 0-0: Called Strike
0-1: Grounds into double play, 5-4-3 (Groundball, 56)
Bottom of the 7th over - 0 run(s), 1 hit(s), 0 error(s), 0 left on base; Rio Grande 7 - Newark 5
TOP OF THE 8TH
Rio Grande Rattlesnake batting - Pitching for Newark Bulldogs : RHP Jesús Salazar
Batting: RHB Hollis Wood 0-0: Called Strike
0-1: Fly out, F6 (Line Drive, 6)
Batting: RHB Miguel Hernández 0-0: Swinging Strike
0-1: Foul Ball, location: 2F
0-2: Ball
1-2: Ball
2-2: Ball
3-2: Strikes out looking
Batting: LHB Claudio Rodríguez 0-0: Called Strike
0-1: Fly out, F8 (Flyball, 8LS)
Top of the 8th over - 0 run(s), 0 hit(s), 0 error(s), 0 left on base; Rio Grande 7 - Newark 5
BOTTOM OF THE 8TH
Newark Bulldogs batting - Pitching for Rio Grande Rattlesnake : RHP Billy O'Neal
Batting: LHB Gabriel Aragón 0-0: DOUBLE (Line Drive, 8LD)
Batting: RHB Norris Howard 0-0: Called Strike
0-1: SINGLE (Groundball, 56D)
Gabriel Aragón to third
Pinch Hitting: RHB Michael Skinner 0-0: SINGLE (Line Drive, 78S)
Gabriel Aragón scores
Norris Howard to second
Batting: LHB Gabriel MacNeill 0-0: Ball
1-0: Ball
2-0: Grounds into double play, 6-4-3 (Groundball, 6)
Norris Howard to third
Batting: LHB Wes Thompson 0-0: Foul Ball, location: 2F
0-1: SINGLE (Groundball, 56D)
Norris Howard scores
Pinch Runner at 1st Wilson Flores:
Batting: LHB Gerardo Guzmán 0-0: Called Strike
0-1: Ball
1-1: Swinging Strike
1-2: Ball
Wild Pitch!
Wilson Flores to second
2-2: Ball
3-2: Base on Balls
Batting: RHB Tony Long 0-0: Called Strike
0-1: Foul Ball, location: 2F
0-2: Fielders Choice at 2nd, 5-4 (Groundball, 56)
Bottom of the 8th over - 2 run(s), 4 hit(s), 0 error(s), 1 left on base; Rio Grande 7 - Newark 7
TOP OF THE 9TH
Rio Grande Rattlesnake batting - Pitching for Newark Bulldogs : RHP Jesús Salazar
Pitching: RHP Bart Brown
Now at SS: Wilson Flores
Now in RF: Michael Skinner
Batting: RHB Gilberto Silva 0-0: Ground out 6-3 (Groundball, 6S)
Batting: SHB Brian Moyer 0-0: Ball
1-0: Foul Ball, location: 2F
1-1: Ball
2-1: Ground out 3-1 (Groundball, 34)
Batting: RHB Jeff Bane 0-0: Ball
1-0: Ball
2-0: DOUBLE (Line Drive, 9LM)
Batting: RHB Iván De Jesús 0-0: Called Strike
0-1: Fly out, F9 (Flyball, 9LS)
Top of the 9th over - 0 run(s), 1 hit(s), 0 error(s), 1 left on base; Rio Grande 7 - Newark 7
BOTTOM OF THE 9TH
Newark Bulldogs batting - Pitching for Rio Grande Rattlesnake : RHP Billy O'Neal
Pinch Hitting: RHB Emílio Salas 0-0: Foul Ball, location: 2F
0-1: Ball
1-1: Called Strike
1-2: Ball
2-2: Ball
3-2: Strikes out swinging
Batting: RHB Ken McDonald 0-0: Ball
1-0: Swinging Strike
1-1: Foul Ball, location: 2F
1-2: Foul Ball, location: 2F
1-2: SINGLE (Groundball, 56D)
Pinch Runner at 1st Owen Moreno:
Batting: LHB Gabriel Aragón 0-0: Ball
1-0: Grounds into double play, 4-6-3 (Groundball, 4)
Bottom of the 9th over - 0 run(s), 1 hit(s), 0 error(s), 0 left on base; Rio Grande 7 - Newark 7
TOP OF THE 10TH
Rio Grande Rattlesnake batting - Pitching for Newark Bulldogs : RHP Bart Brown
Now at C: Larry Peterson
Now in CF: Owen Moreno
Batting: RHB David Suarze 0-0: Ball
1-0: Foul Ball, location: 2F
1-1: TRIPLE (Line Drive, 8LXD)
Batting: SHB William Daly 0-0: Foul Ball, location: 2F
0-1: Foul Ball, location: 2F
0-2: Ball
1-2: Ball
2-2: Ball
3-2: Foul Ball, location: 2F
3-2: Base on Balls
Batting: RHB Hollis Wood 0-0: Grounds into double play, 1-4-3 (Groundball, 15S)
Batting: RHB Miguel Hernández 0-0: Foul Ball, location: 2F
0-1: Foul Ball, location: 2F
0-2: Fly out, F9 (Line Drive, 89D)
Top of the 10th over - 0 run(s), 1 hit(s), 0 error(s), 1 left on base; Rio Grande 7 - Newark 7
BOTTOM OF THE 10TH
Newark Bulldogs batting - Pitching for Rio Grande Rattlesnake : RHP Billy O'Neal
Batting: RHB Norris Howard 0-0: Ball
1-0: Ball
2-0: Ball
3-0: Base on Balls
Batting: RHB Michael Skinner 0-0: Ball
1-0: SINGLE (Line Drive, 56)
Norris Howard to second
Batting: LHB Gabriel MacNeill 0-0: Called Strike
0-1: SINGLE (Line Drive, 8RS)
Norris Howard to third
Michael Skinner to second
Runner from 3rd tries for Home, SAFE, throw made home
Tuesday, August 8th, 2017 - OOTP Baseball 17.12 Build 75